 Dungeon Crawl Stone Soup version 0.26.1-11-gd32895ea62 (webtiles) character file.

Game seed: 12579561549004717447

221 nothank2 the Firebug (level 5, 0/38 HPs)
             Began as a Draconian Fire Elementalist on July 9, 2021.
             Slain by Pikel
             ... wielding a +1 whip of flaming
              (4 damage)
             ... on level 3 of the Dungeon.
             The game lasted 00:11:29 (4275 turns).

nothank2 the Firebug (Draconian Fire Elementalist)  Turns: 4275, Time: 00:11:30

Health: 0/38       AC:  7    Str: 17    XL:     5   Next: 65%
Magic:  0/10       EV: 11    Int: 16    God:
Gold:   129        SH:  4    Dex: 11    Spells: 3/11 levels left

rFire    . . .     SeeInvis .   a - +0 dagger (freeze)
rCold    . . .     Faith    .   w - +1 buckler
rNeg     . . .     Spirit   +   (armour unavailable)
rPois    .         Reflect  .   j - +2 hat
rElec    .         Harm     .   (no cloak)
rCorr    .         Rampage  .   (no gloves)
Will     .....                  (no boots)
Stlth    ++........             f - amulet of guardian spirit
HPRegen  0.12/turn              g - +6 ring of strength
MPRegen  0.12/turn              (no ring)

@: no status effects
A: unfitting armour, cold-blooded, AC +5
a: no special abilities


You were on level 3 of the Dungeon.
You visited 1 branch of the dungeon, and saw 4 of its levels.

You collected 129 gold pieces.

Inventory:

Hand Weapons
 a - a +0 dagger of freezing (weapon)
 i - a +0 club
 l - a +0 short sword
 p - a +0 rapier
Missiles
 t - 8 poisoned darts
Armour
 j - a +2 hat (worn)
 w - a +1 buckler (worn)
Magical Staves
 e - an uncursed staff of fire
Jewellery
 f - an amulet of guardian spirit (around neck)
 g - a +6 ring of strength (left hand)
Wands
 s - a wand of acid (7)
Scrolls
 d - a scroll of teleportation
 k - 2 scrolls of identify
 q - 2 scrolls of remove curse
Potions
 b - a potion of mutation {unknown}
 c - 2 potions of haste {unknown}
 h - a potion of resistance {unknown}
 m - 2 potions of flight
 o - a potion of ambrosia {unknown}
 x - a potion of might {unknown}


   Skills:
 - Level 1.7 Dodging
 - Level 1.7 Stealth
 * Level 0.5 Shields
 + Level 3.5 Spellcasting
 - Level 3.2 Conjurations
 + Level 4.4 Fire Magic


You had 3 spell levels left.
You knew the following spells:

 Your Spells              Type           Power        Failure   Level
a - Foxfire               Conj/Fire      56%          6%          1
b - Conjure Flame         Conj/Fire      14%          17%         3
c - Sticky Flame          Conj/Fire      14%          50%         4

Your spell library contained the following spells:

 Spells                   Type           Power        Failure   Level
 Inner Flame              Hex/Fire       9%           32%         3
 Fireball                 Conj/Fire      7%           85%         5


Dungeon Overview and Level Annotations

Branches:
Dungeon (4/15)
 Temple: D:4-7

Altars:
Dithmenos
Gozag
Ru

Annotations:
D:3 1 runed translucent door, Pikel; vvl's ghost, amateur DrCj


Innate Abilities, Weirdness & Mutations

Your plain brown scales are hard. (AC +5)
You cannot fit into any form of body armour.
You are cold-blooded and may be slowed by cold attacks.


Message History

The foxfire hits the lemure.
The lemure is lightly wounded.
Pikel closely misses you.
The foxfire hits Pikel.
Pikel is lightly wounded.
Casting: Foxfire (safe; 6% risk of failure)
Press: ? - help, Q - select action, (/) - cycle Dir - look around, f - activate You conjure some foxfire!
Pikel hits you with a +1 whip of flaming.
* * * LOW HITPOINT WARNING * * *
Pikel burns you.
* * * LOW HITPOINT WARNING * * *
The lemure hits you!
* * * LOW HITPOINT WARNING * * *
The foxfire hits Pikel.
Pikel is lightly wounded.
The foxfire hits Pikel but does no damage.
Pikel is lightly wounded.
Pikel hits you with a +1 whip of flaming.
You die...

#..##.#.###..###....##...####...#
#...........................#.≈.#
#...........................#...#
#..##.#.###..#.#..#.#.......#≈_≈#
#..##.#.............#....####≈≈≈#
#..##.......................#####
#.)#.............................
#..#..#.##..##.#..###....###..#..
#...........##.#@.# #....# #..#..
#..#..#.##.###.#.K###....# #..#..
......#.##....[..5.......# #..#..
#..#..#.##.###.#........####..#>.
#..........#.....................
#.....#.##.###.#..##....####..#..
#.....#.##.# #.#..............#..
#......######################.#.[
#.........................# #.#..


You could see Pikel and a lemure.

Vanquished Creatures
  A lemure (D:3)
  A scorpion (D:3)
  7 adders
  3 oozes
  An adder skeleton (D:3)
  4 worms
  2 dart slugs (D:3)
  2 leopard geckos
  8 orcs (D:3)
  2 ball pythons
  5 bats
  4 giant cockroaches
  5 goblins
  6 hobgoblins
  4 jackals (D:1)
  3 frilled lizards
  6 kobolds
  4 rats
68 creatures vanquished.

Vanquished Creatures (others)
  69 foxfires
69 creatures vanquished.

Grand Total: 137 creatures vanquished

Notes
Turn   | Place    | Note
-------+----------+-------------------------------------------
     0 | D:1      | nothank2 the Draconian Fire Elementalist began the quest
                  | for the Orb.
     0 | D:1      | Reached XP level 1. HP: 14/14 MP: 3/3
   430 | D:1      | Reached XP level 2. HP: 20/20 MP: 0/5
  1259 | D:2      | Reached XP level 3. HP: 18/26 MP: 3/6
  1958 | D:2      | Reached XP level 4. HP: 33/33 MP: 8/8
  2132 | D:3      | Learned a level 3 spell: Conjure Flame
  2384 | D:3      | Found a shadowy altar of Dithmenos.
  2402 | D:3      | Reached skill level 4 in Fire Magic
  2692 | D:3      | Reached XP level 5. HP: 14/38 MP: 6/10
  2943 | D:3      | Learned a level 4 spell: Sticky Flame
  3229 | D:3      | Found a runed translucent door.
  3229 | D:3      | Noticed vvl's ghost (amateur DrCj)
  3522 | D:3      | Found an opulent altar of Gozag.
  3579 | D:3      | Found a sacrificial altar of Ru.
  3948 | D:4      | Noticed a lemure
  3949 | D:4      | Noticed a lemure
  3949 | D:4      | Noticed Pikel
  4001 | D:3      | Killed a lemure
  4242 | D:4      | Noticed a lemure
  4275 | D:3      | Slain by Pikel

Illustrated notes

Levels and vault maps discovered:
D:1:      dpeg_arrival_fog, layout_loops_cross
D:2:      layout_rooms, minmay_tromino_v4_a
D:3:      layout_basic, nicolae_dithmenos_through_a_glass_darkly,
          lemuel_coloured_pillars_altar, hellmonk_ghost_happy_afterlife,
          nicolae_ru_path_of_blood
D:4:      gammafunk_cloud_chamber, layout_basic,
          minmay_temple_entry_statues_pillars, gammafunk_ghost_necromancy,
          uniq_pikel

Skill      XL: |  1  2  3  4 |
---------------+-------------+-----
Conjurations   | 2 3 |  3.2
Spellcasting   | 3 |  3.5
Fire Magic     | 4 |  4.4
Dodging        | |  1.7
Stealth        | |  1.7
Shields        | |  0.5

Action                   |  1- 3 |  4- 6 || total
-------------------------+-------+-------++-------
Melee: Unarmed           |    51 |       ||    51
       Tailslap          |    19 |    12 ||    31
       Club              |     8 |       ||     8
       Short sword       |    44 |       ||    44
       Rapier            |    17 |   113 ||   130
       Dagger            |       |    45 ||    45
 Cast: Foxfire           |    28 |    14 ||    42
  Use: Scroll            |       |     8 ||     8
       Potion            |       |     1 ||     1
 Stab: Sleeping          |       |     2 ||     2
Armor: Skin              |    58 |    50 ||   108
Dodge: Dodged            |    90 |   103 ||   193
Block: Buckler           |       |     7 ||     7
